 Dungeon Crawl Stone Soup version bcrawl-1.20.1 (webtiles) character file.

Game seed: 13886764257746952911

582 Revguard the Confident (level 7, -8/55 HPs)
             Began as a Demigod Archaeologist on Jan 25, 2020.
             Mangled by an ogre
             ... wielding a +0 giant club
              (11 damage)
             ... on level 4 of the Dungeon.
             The game lasted 00:12:45 (4228 turns).

Revguard the Confident (Demigod Archaeologist)      Turns: 4228, Time: 00:12:46

Health: -8/55      AC:  9    Str: 15    XL:     7   Next: 14%
Magic:  14/14      EV: 13    Int: 18    God:    Demigod [**....]
Gold:   228        SH:  0    Dex: 19    Spells: 12/12 levels left

rFire    . . .     SeeInvis .   m - +1 quarterstaff
rCold    . . .     Gourm    .   (shield currently unavailable)
rNeg     . . .     Faith    .   h - +0 ring mail
rPois    .         Spirit   .   c - +2 hat
rElec    .         Reflect  .   (no cloak)
rCorr    .         Harm     .   (no gloves)
MR       .....                  d - +1 pair of boots
Stlth    ++........             (no amulet)
HPRegen  0.18/turn              (no ring)
MPRegen  0.14/turn              (no ring)

@: studying Spellcasting
A: high mp 1
a: Temporal Distortion, Growth


You were on level 4 of the Dungeon.
You worshipped Demigod.
Demigod was pleased with you.
You were not hungry.

You visited 1 branch of the dungeon, and saw 4 of its levels.
You also visited: Sewer.

You collected 228 gold pieces.

Inventory:

Hand Weapons
 a - a +0 whip
 m - a +1 quarterstaff (weapon)
 s - a +0 mace
Armour
 b - a +1 robe
 c - a +2 hat (worn)
 d - a +1 pair of boots (worn)
 h - a +0 ring mail (worn)
Jewellery
 n - a cursed ring of attention
Scrolls
 i - 4 scrolls of remove curse
 j - 3 scrolls of teleportation
 p - a scroll of identify
Books
 g - a manual of Spellcasting
Miscellaneous
 f - an ancient crate
Comestibles
 e - 4 rations {!d}


   Skills:
 + Level 2.1 Fighting
 - Level 3.2(3.5) Maces & Flails
 + Level 2.0(2.9) Staves
 + Level 2.1 Armour
 + Level 3.7 Dodging
 - Level 3.0 Stealth
 * Level 3.0 Spellcasting
 * Level 3.9 Invocations


You had 12 spell levels left.
You didn't know any spells.
Your spell library was empty.

Dungeon Overview and Level Annotations

Branches:
Dungeon (4/12)
 Temple: D:4-7

Shops:
D:4 ?


Innate Abilities, Weirdness & Mutations

You have an increased reservoir of magic. (+10% MP)


Message History

You kill the orc priest!
Your kill strengthens your divinity.
Your Staves skill increases to level 2!
Your Spellcasting skill increases to level 3!
You aren't carrying any potions.
You sock the ogre!
The ogre is moderately wounded.
The ogre hits you with a +0 giant club!
You hit the ogre.
The ogre is moderately wounded.
The ogre barely misses you.
You hit the ogre.
The ogre is heavily wounded.
The ogre hits you with a +0 giant club!
* * * LOW HITPOINT WARNING * * *
There is a fountain of clear blue water here.
Okay, then.
The ogre hits you with a +0 giant club!
You die...
Your divinity fades.

'##........#
≈#.........###########........
≈##..................+...........
≈≈#.÷......##.###### #...........
≈≈#.#########.########...........
≈##.###..............#...........
≈#........................>......
#'...##..............#...........
..#####......<..@O......⌠.⌠....).
### #..............#...∩.......
## #..............###⌠.⌠###### .#
####+#....###### ##..# .# #....#
##.# .# #....# #.# .# ##... #)#
.. #.#. #.# . ###.###.######


You could see an ogre.

Vanquished Creatures
  2 bullfrogs (Sewer)
  A scorpion (D:3)
  A howler monkey (D:3)
  A crimson imp (D:3)
  2 orc priests
  2 orc wizards
  A worker ant (D:4)
  5 adders
  2 river rats (D:4)
  2 oozes
  2 worms
  3 dart slugs
  7 leopard geckos
  6 orcs
  6 giant cockroaches
  7 goblins
  11 hobgoblins
  3 jackals (D:4)
  A quokka (D:2)
  5 ball pythons
  5 bats
  11 frilled lizards
  4 kobolds
  7 rats
97 creatures vanquished.

Notes
Turn   | Place    | Note
-------+----------+-------------------------------------------
     0 | D:1      | Revguard the Demigod Archaeologist began the quest for the
                  | Orb.
     0 | D:1      | Reached XP level 1. HP: 15/15 MP: 3/3
    44 | D:1      | Reached skill level 1 in Maces & Flails
   208 | D:1      | Reached XP level 2. HP: 18/22 MP: 4/4
   265 | D:1      | Reached skill level 1 in Invocations
   602 | D:1      | Reached skill level 1 in Fighting
   602 | D:1      | Reached XP level 3. HP: 25/28 MP: 6/6
  1037 | D:2      | Reached * piety under Demigod
  1245 | D:2      | Found a shattered altar of Ashenzari.
  1788 | D:2      | Reached XP level 4. HP: 35/35 MP: 6/8
  1950 | D:3      | Reached skill level 1 in Armour
  1960 | D:3      | Reached skill level 1 in Spellcasting
  2234 | D:3      | Reached XP level 5. HP: 33/40 MP: 9/9
  2309 | D:3      | Noticed a +0 dagger
  2311 | D:3      | Noticed a +0 hand axe
  2314 | D:3      | Found a hide-covered altar of Uskayaw.
  2903 | D:3      | Reached XP level 6. HP: 39/47 MP: 12/12
  3544 | D:4      | Found a glowing drain.
  3549 | Sewer    | Entered a sewer
  3809 | Sewer    | Reached skill level 1 in Staves
  3816 | Sewer    | Reached XP level 7. HP: 27/55 MP: 12/14
  4175 | D:4      | Found Juassif's Magic Scroll Shoppe.
  4202 | D:4      | Reached ** piety under Demigod
  4218 | D:4      | HP: 1/55 [ogre/+0 giant club (16)]
  4228 | D:4      | Mangled by an ogre

Skill      XL: |  1  2  3  4  5  6  7 |
---------------+----------------------+-----
Maces & Flails | 1 2 3 |  3.2
Dodging        | 3 |  3.7
Invocations    | 1 2 3 |  3.9
Fighting       | 1 2 |  2.1
Armour         | 1 2 |  2.1
Spellcasting   | 1 2 3 |  3.0
Staves         | 1 2 |  2.0
Stealth        | |  3.0

Action                   |  1- 3 |  4- 6 |  7- 9 || total
-------------------------+-------+-------+-------++-------
Melee: Whip              |   160 |       |       ||   160
       Mace              |     6 |   228 |       ||   234
       Quarterstaff      |       |    83 |    28 ||   111
Invok: Temporal Distorti |       |     1 |       ||     1
  Use: Potion            |       |     6 |     2 ||     8
       Scroll            |       |     7 |       ||     7
 Stab: Sleeping          |     6 |     3 |       ||     9
       Distracted        |       |     1 |       ||     1
  Eat: Chunk             |     3 |     4 |     2 ||     9
       Ration            |       |     1 |       ||     1
Armor: Ring mail         |    69 |   113 |    10 ||   192
       Robe              |     2 |       |       ||     2
       Skin              |       |    22 |       ||    22
Dodge: Dodged            |   131 |   218 |    13 ||   362
